FIQ, neutral female sylph Wizard --- --.---- --..%... |......- ----- --.....| |..<-----...^.----- |.................-------- |...----[[......-..--....| .--|..%......|......-...-- |..).... ..|.-...-- --.%.%.. ..--.....---- |..... -...........| ..... ...........-- --... .......----.> |... .........I.. .----.. FIQ the Thaumaturge Experience level: 6 Strength: 8 Dexterity: 11 Constitution: 16 Intelligence: 19 Wisdom: 10 Charisma: 10 Health: 0(43) Energy: 67(67) Def: 1 Gold: 248 Moves: 2397 Dungeon seed: -Dhvht602QecR9M0 Game ID: FIQ_1440775939 Your Inventory: Coins $ - 248 gold pieces Weapons D - a blessed +1 elven dagger (weapon in hand) Armor e - an uncursed +0 cloak of magic resistance (being worn) q - an uncursed +1 studded leather armor Comestibles t - 3 uncursed lichen corpses x - an uncursed pancake E - an uncursed food ration L - an uncursed tripe ration Scrolls i - a blessed scroll of identify j - 2 uncursed scrolls of enchant armor k - an uncursed scroll of identify v - an uncursed scroll of confuse monster w - an uncursed scroll of scare monster B - a cursed scroll of identify I - a cursed scroll of genocide J - 2 uncursed scrolls of create monster O - an uncursed scroll of remove curse Spellbooks l - a blessed spellbook of force bolt m - a blessed spellbook of magic missile n - an uncursed spellbook of sleep s - an uncursed spellbook of magic missile Potions f - an uncursed potion of sickness g - an uncursed potion of water h - an uncursed potion of water p - an uncursed potion of gain energy r - an uncursed potion of healing C - an uncursed potion of polymorph G - an uncursed potion of monster detection H - an uncursed potion of water M - an uncursed potion of water Rings c - an uncursed ring of polymorph control d - an uncursed ring of teleport control u - an uncursed ring of invisibility y - an uncursed ring of levitation Wands b - an uncursed wand of striking (0:6) A - an uncursed wand of nothing (0:2) K - an uncursed wand of striking (0:5) N - an uncursed wand of cancellation (0:6) Tools o - an uncursed magic marker (0:62) Spells and supernatural/magical abilities: Name Level Category Fail Memory a - force bolt 1 attack 0% 89% m - magic missile 2 attack 0% 89% z - sleep 1 enchantment 0% 89% W - pray for help -- divine ? -- Your skills at the end: Fighting Skills Weapon Skills dagger [Basic] quarterstaff [Basic] Spellcasting Skills attack spells [Basic] enchantment spells [Basic] Final Attributes: You were devoutly aligned. You were magic-protected. You saw invisible. You had infravision. You were stealthy. You were protected from shape changers. You were lucky. You are dead. Vanquished creatures: 3 water moccasins 2 fog clouds 2 gnome lords a gnomish wizard 3 dwarves a rothe 2 iguanas a coyote 2 hobbits 2 large kobolds a hobgoblin a giant rat 5 gnomes a gnome zombie 2 geckos 10 jackals a fox 6 grid bugs a bat 3 lichens 2 kobold zombies 3 newts 55 creatures vanquished. Voluntary challenges: You went without food. You used a wielded weapon 83 times, starting on turn 16. You read items or engraved 3 times, starting on turn 1227. You never genocided any monsters. You never polymorphed an object. You never changed form. You used no wishes. You never split a pudding. You wrote Elbereth's name 1 time, starting on turn 1540. You never violated your personal moral code. Dungeon overview: The Dungeons of Doom: levels 1 to 4 Level 1 a fountain a long staircase Level 2 a weapon shop, a fountain Level 3 some fountains Level 4 a delicatessen, a fountain stairs to The Gnomish Mines The Gnomish Mines: Level 5 <- You were here stairs to The Dungeons of Doom History has recorded: On T:1 you entered the Dungeons of Doom to retrieve the Amulet of Yendor! On T:483 you reached level 2 of The Dungeons of Doom. On T:548 you advanced to experience level 2. On T:844 you reached level 3 of The Dungeons of Doom. On T:1214 you advanced to experience level 3. On T:1340 you reached level 4 of The Dungeons of Doom. On T:1543 you advanced to experience level 4. On T:1693 you advanced to experience level 5. On T:2099 you reached level 1 of The Gnomish Mines. On T:2185 you advanced to experience level 6. Score breakdown: Gold: 248 ( 24 points) Experience: 6 levels ( 500 points) Exploration: 5 levels ( 120 points) Discoveries: 2 items ( 100 points) Variety of kills: 22 monsters ( 1100 points) Major goal: (nothing yet) ( 0 points) Survival: died (score multiplied by 3) Total score: 5532 Latest messages: You faint from lack of food. You come to. You faint from lack of food. Something hits! (5x) You try to draw healing from your surroundings, but you are too weak. Something hits! (2x) You try to draw healing from your surroundings, but you are too weak. Something hits! (2x) You try to draw healing from your surroundings, but you are too weak. Something hits! You die... Final status: Goodbye FIQ the Wizard, killed by an elf zombie, while fainted from lack of food... You died in The Gnomish Mines on dungeon level 5 with 5532 points, and 248 pieces of gold, after 2397 moves. You were level 6 with a maximum of 43 hit points when you died.